AoeStats
← Rms

Arena

507869156Analyzed
4v4 RM · 12d ago on Sep 20, 2026· 46m 53s· 8 players
Game mode
Random Map
Map size
Large (8 player)
Population
200
Speed
Normal
Resources
Standard
Victory
Conquest
Starting age
Dark Age
Ending age
Imperial Age
RankedLock teamsTeams togetherTeam positionsShared explorationLock speedFull tech treeHidden civsTurbo modeCheats
Victory
Defeat
🇺🇸 Persians · United States
1064
+13
🇲🇽 Romans · Mexico
1049
+13
🇨🇳 Hindustanis · China
1010
+15
🇰🇷 Franks · South Korea
942
+53
🇯🇵 Tupi · Japan
1070
-18
🇧🇷 Persians · Brazil
1056
-17
🇧🇷 Koreans · Brazil
1022
-16
🇧🇷 Goths · Brazil
808
-8
danisan
10:17 Feudal Age
14:32 Castle Age
12:42 Double-Bit Axe
18:42 Horse Collar
21:35 Wheelbarrow
20:49 Loom
20:55 Town Watch
22:26 Bow Saw
25:21 Hand Cart
25:17 Heavy Plow
26:05 Town Patrol
26:04 Gold Mining
27:33 Gold Shaft Mining
31:27 Imperial Age
30:49 Bloodlines
30:40 Husbandry
30:55 Forging
30:50 Scale Barding Armor
32:09 Conscription
31:14 Elite War Elephant
32:02 Stone Mining
33:28 Two-Man Saw
33:00 Crop Rotation
33:38 Iron Casting
33:18 Guilds
34:33 Chain Barding Armor
35:02 Cavalier
36:26 Stone Shaft Mining
36:53 Blast Furnace
36:28 Plate Barding Armor
38:04 Savar
45:22 Caravan
46:17 Arson
47:01 Ballistics
47:42 Chemistry
46:52 Masonry
46:38 Murder Holes
47:18 Kamandaran
47:28 Citadels
47:56 Hoardings
46:51 Sappers
47:25 Scale Mail Armor
47:25 Padded Archer Armor
47:15 Fletching
47:57 Coinage
Maverick
10:51 Feudal Age
10:32 Loom
15:14 Castle Age
13:28 Horse Collar
13:44 Double-Bit Axe
16:30 Heavy Plow
28:27 Imperial Age
26:49 Wheelbarrow
27:05 Bow Saw
27:03 Gold Mining
28:38 Ballistics
28:51 Hand Cart
28:42 Fletching
29:39 Gold Shaft Mining
28:56 Stone Mining
29:54 Heavy Scorpion
31:44 Bodkin Arrow
32:20 Ballistas
32:47 Scale Barding Armor
32:45 Scale Mail Armor
34:18 Chemistry
34:15 Crop Rotation
33:16 Man-at-Arms
33:58 Squires
34:24 Chain Mail Armor
34:19 Forging
34:33 Conscription
34:05 Town Watch
34:02 Long Swordsman
35:18 Siege Engineers
35:39 Legionary
37:55 Iron Casting
37:51 Comitatenses
39:59 Blast Furnace
40:17 Pikeman
41:22 Halberdier
44:02 Town Patrol
威力古德
11:09 Feudal Age
14:54 Castle Age
14:08 Double-Bit Axe
15:21 Horse Collar
24:15 Heavy Plow
24:51 Gold Mining
24:55 Stone Mining
25:26 Loom
27:25 Gold Shaft Mining
27:30 Wheelbarrow
26:51 Pikeman
27:31 Squires
33:39 Imperial Age
31:26 Hand Cart
31:31 Husbandry
31:42 Bloodlines
32:29 Scale Barding Armor
32:34 Forging
32:25 Scale Mail Armor
33:45 Chain Barding Armor
35:27 Chemistry
34:48 Ballistics
34:10 Heavy Camel Rider
36:13 Thumb Ring
37:08 Imperial Camel Rider
38:59 Stone Shaft Mining
46:50 Plate Barding Armor
46:51 Iron Casting
46:16 Padded Archer Armor
46:07 Fletching
XI JINPING
10:54 Feudal Age
15:44 Castle Age
13:56 Stone Mining
14:12 Double-Bit Axe
15:03 Gold Mining
23:54 Fletching
24:24 Loom
25:53 Wheelbarrow
26:40 Fortified Wall
27:31 Bow Saw
27:59 Gold Shaft Mining
29:32 #83
30:13 Town Watch
32:39 Ballistics
34:52 Imperial Age
33:01 Padded Archer Armor
33:00 Bodkin Arrow
33:49 Masonry
33:46 Squires
35:55 Hand Cart
Zee
10:38 Feudal Age
15:06 Castle Age
13:25 Double-Bit Axe
13:38 Horse Collar
15:08 Wheelbarrow
16:00 Bow Saw
19:02 Loom
20:32 Heavy Plow
20:42 Gold Mining
21:48 Stone Mining
25:07 Stone Shaft Mining
25:14 Gold Shaft Mining
24:42 Husbandry
24:53 Bloodlines
25:02 Bloodlines
29:46 Imperial Age
28:47 Hand Cart
28:18 Town Watch
29:56 Scale Barding Armor
30:02 Forging
29:16 Light Cavalry
29:22 Cavalier
30:39 Crop Rotation
31:15 Two-Man Saw
31:27 Chain Barding Armor
32:14 Conscription
32:39 Iron Casting
32:17 Savar
34:23 Plate Barding Armor
34:48 Blast Furnace
39:31 Hussar
42:00 Scale Mail Armor
44:02 Fletching
44:38 Heavy Camel Rider
Rms
9:54 Feudal Age
8:32 Loom
10:23 Double-Bit Axe
18:33 Castle Age
16:51 Stone Mining
21:05 Gold Mining
21:34 Bow Saw
21:47 Pikeman
23:26 Wheelbarrow
22:41 Town Watch
26:27 Ballistics
26:33 Murder Holes
27:50 Horse Collar
32:53 Imperial Age
32:22 Heated Shot
32:17 Treadmill Crane
35:04 Chemistry
34:48 Forging
34:28 Fletching
34:57 Elite Skirmisher
38:26 Halberdier
40:43 Conscription
41:06 Scale Mail Armor
168kcal
10:14 Feudal Age
14:19 Castle Age
13:06 Double-Bit Axe
13:56 Loom
14:15 Horse Collar
16:50 Bow Saw
16:44 Fletching
20:10 Wheelbarrow
21:19 Gold Mining
27:09 Imperial Age
26:57 Bodkin Arrow
27:32 Ballistics
30:07 Scale Mail Armor
30:17 Forging
29:56 Pikeman
30:36 Squires
31:23 Halberdier
37:42 Town Watch
38:27 Bracer
40:05 Two-Man Saw
39:06 Heavy Plow
39:49 Padded Archer Armor
40:58 Chain Mail Armor
41:10 Leather Archer Armor
42:07 Iron Casting
43:34 Plate Mail Armor
Ramilho
11:47 Feudal Age
12:44 Double-Bit Axe
12:52 Horse Collar
14:44 Stone Mining
16:16 Forging
16:47 Wheelbarrow
17:28 Wheelbarrow
21:14 Castle Age
20:00 Scale Mail Armor
21:33 Gold Mining
23:52 Iron Casting
23:33 Chain Mail Armor
28:02 Bow Saw
27:55 Heavy Plow
31:20 Hand Cart
33:57 Imperial Age
33:34 Fletching
34:33 Stone Shaft Mining
33:57 Elite Huskarl
35:27 Conscription
36:50 Squires
37:57 Blast Furnace
36:46 Man-at-Arms
37:31 Long Swordsman
38:35 Long Swordsman
39:45 Two-Handed Swordsman
40:43 Champion
45:25 Anarchy
45:53 Anarchy
Connection lost

Rejoining the realm…

Still unreachable

The connection could not be restored.

Session expired

The server has moved on; the page needs a fresh start.